 Dungeon Crawl Stone Soup version 0.20-a0-1050-g57248f3 (webtiles) character file.

226 Murumi the Covert (level 5, -3/37 HPs)
             Began as a Vampire Enchanter on Apr 25, 2017.
             Slain by yrara's ghost (14 damage)
             ... on level 3 of the Dungeon.
             The game lasted 00:11:28 (2908 turns).

Murumi the Covert (Vampire Enchanter)               Turns: 2908, Time: 00:11:29

Health: -3/37      AC:  5    Str:  7    XL:     5   Next: 69%
Magic:  0/8        EV: 18    Int: 21    God:
Gold:   93         SH:  0    Dex: 20    Spells: 2/8 levels left

rFire    . . .     SeeInvis +   a - +1 dagger
rCold    . . .     Gourm    .   (no shield)
rNeg     + . .     Faith    .   b - +0 robe
rPois    .         Spirit   .   f - +1 helmet
rElec    .         Reflect  .   p - +0 cloak {+Inv}
rCorr    .         Harm     .   (no gloves)
MR       .....                  (no boots)
Stlth    +++++.....             (no amulet)
Regen    0.2/turn               k - +3 ring of intelligence
MPRegen  0.2/turn               (no ring)

@: agile, very slightly contaminated
A: fangs 3, see invisible, unbreathing
a: Bat Form, Evoke Invisibility


You were on level 3 of the Dungeon.
You were not thirsty.

You visited 1 branch of the dungeon, and saw 3 of its levels.

You collected 93 gold pieces.

Inventory:

Hand Weapons
 a - a +1 dagger (weapon)
Armour
 b - a +0 robe (worn)
 f - a +1 helmet (worn)
 p - a +0 cloak of invisibility (worn)
Jewellery
 k - a +3 ring of intelligence (left hand)
Wands
 q - a wand of digging (13/24)
Scrolls
 e - 2 scrolls of fog
 j - 2 scrolls of magic mapping {unknown}
 l - 4 scrolls of remove curse {unknown}
 n - 2 scrolls of amnesia {unknown}
 o - a scroll of fear {unknown}
 r - a scroll of immolation {unknown}
 t - a scroll of enchant weapon {unknown}
Potions
 d - 18 potions of blood
 g - a potion of brilliance
 h - a potion of magic
 i - a potion of agility
 s - a potion of curing {unknown}
 u - a potion of degeneration {unknown}
Books
 c - a book of Maledictions

   Spells                             Type                      Level
   a - Corona                         Hexes                        1
   b - Ensorcelled Hibernation        Hexes/Ice                    2
   c - Confuse                        Hexes                        3
   d - Tukima's Dance                 Hexes                        3
   e - Dazzling Spray                 Conjuration/Hexes            3


   Skills:
 - Level 1.0 Fighting
 - Level 2.1 Short Blades
 - Level 2.1 Dodging
 + Level 9.0 Stealth
 - Level 2.0 Spellcasting
 - Level 5.0 Hexes


You had 2 spell levels left.
You knew the following spells:

 Your Spells              Type           Power        Failure   Level  Hunger
a - Corona                Hex            ###....      1%          1    #......
b - Ensorcelled Hibernat  Hex/Ice        ##....       8%          2    ##.....
c - Confuse               Hex            ###.....     5%          3    ###....


Dungeon Overview and Level Annotations

Branches:
Dungeon (3/15)

Altars:
Xom

Annotations:
D:3 yrara's ghost, amateur DsFi


Innate Abilities, Weirdness & Mutations

You have razor-sharp teeth.
You have supernaturally acute eyesight. (SInv)
You can survive without breathing.


Message History

Yrara's ghost says, "Are you willing to die fighting?
I was!"
You see here 22 stones.
Casting: Confuse
Confirm with . or Enter, or press ? or * to list all spells.
Aiming: Confuse
Press: ? - help, Shift-Dir - straight line, f/p - yrara's ghost
Aim: yrara's ghost (chance to defeat MR: 41%)
You miscast Confuse.
You are very lightly contaminated with residual magic.
Your skin glows momentarily.
Yrara's ghost hits you.
Yummy - fresh blood!
You are feeling very thirsty.
Yrara's ghost hits you.
Yummy - fresh blood!
Yrara's ghost hits you!
* * * LOW HITPOINT WARNING * * *
You feel much better. Yrara's ghost hits you!
* * * LOW HITPOINT WARNING * * *
You feel agile all of a sudden. Yrara's ghost hits you!
You die...

#<.# ##...... #.##
#..#### #.. ##.# # ####
#.## # #..# # #
#########..### #.
.......<#...##
#.###############.#.##
####....@WK..........#.##
.(.....#####......####%.#
$........K.(........###.#
.......#####......#.# #..
....... #......#.# ##.
....... ########.# #.
....... #.# ## ...=K..
#.# ## ....... #.# #.


You could see yrara's ghost and a kobold.

Vanquished Creatures
  Crazy Yiuf (D:2)
  Natasha (thrice) (D:2)
  3 gnolls (D:2)
  3 adders (D:2)
  2 oozes (D:1)
  A worm (D:3)
  A dart slug (D:2)
  A leopard gecko (D:2)
  2 orcs (D:3)
  3 ball pythons
  4 giant cockroaches
  3 goblins (D:2)
  2 hobgoblins (D:3)
  5 jackals (D:2)
  8 kobolds
  A quokka (D:3)
  7 bats
  2 frilled lizards (D:2)
  6 rats
58 creatures vanquished.

Vanquished Creatures (others)
  A kraken (D:1)
  A ghoul (D:1)
  2 draconians (D:1)
  A vine stalker (D:1)
  3 vampires (D:1)
  An ogre (D:1)
  A centaur (D:1)
  A mummy (D:1)
  3 orcs (D:1)
  A kobold (D:1)
  9 tentacles (D:1)
24 creatures vanquished.

Grand Total: 82 creatures vanquished

Notes
Turn   | Place    | Note
-------+----------+-------------------------------------------
     0 | D:1      | Murumi the Vampire Enchanter began the quest for the Orb.
     0 | D:1      | Reached XP level 1. HP: 13/13 MP: 3/3
     3 | D:1      | Noticed a draconian
     3 | D:1      | Noticed a draconian
     3 | D:1      | Noticed a ghoul
     3 | D:1      | Noticed a vine stalker
     3 | D:1      | Noticed a ghoul
     3 | D:1      | Noticed a kraken
     3 | D:1      | Noticed a vampire
     3 | D:1      | Noticed a vampire
     3 | D:1      | Noticed a vampire
     3 | D:1      | Noticed an ogre
     3 | D:1      | Noticed a centaur
     9 | D:1      | Killed a vine stalker
     9 | D:1      | Killed a vampire
    12 | D:1      | Killed a draconian
    15 | D:1      | Killed a ghoul
    15 | D:1      | Killed a vampire
    16 | D:1      | Killed a draconian
    16 | D:1      | Killed a vampire
    19 | D:1      | Killed a centaur
    19 | D:1      | Killed an ogre
    25 | D:1      | Killed a kraken
   220 | D:1      | Reached skill level 5 in Stealth
   663 | D:1      | Reached skill level 1 in Fighting
   663 | D:1      | Reached XP level 2. HP: 21/21 MP: 5/5
   667 | D:1      | Learned a level 2 spell: Ensorcelled Hibernation
  1236 | D:2      | Reached skill level 6 in Stealth
  1236 | D:2      | Reached XP level 3. HP: 17/26 MP: 6/6
  1340 | D:2      | Reached skill level 5 in Hexes
  1345 | D:2      | Learned a level 3 spell: Confuse
  1359 | D:2      | Found a shimmering altar of Xom.
  1624 | D:2      | Reached XP level 4. HP: 16/32 MP: 2/7
  1720 | D:2      | Reached skill level 7 in Stealth
  1760 | D:2      | Noticed Natasha
  1764 | D:2      | Killed Natasha
  1966 | D:2      | Found a runed door.
  1970 | D:2      | Noticed Crazy Yiuf
  1974 | D:2      | Killed Crazy Yiuf
  1974 | D:2      | Reached XP level 5. HP: 37/37 MP: 8/8
  2208 | D:2      | Noticed Natasha
  2210 | D:2      | Found a shimmering altar of Xom.
  2225 | D:2      | Killed Natasha
  2225 | D:2      | Reached skill level 8 in Stealth
  2266 | D:2      | Noticed Natasha
  2283 | D:2      | Killed Natasha
  2847 | D:3      | Reached skill level 9 in Stealth
  2890 | D:3      | Noticed yrara's ghost (amateur DsFi)
  2908 | D:3      | Slain by yrara's ghost

Vault maps used:
D:1:      nicolae_arrival_kraken_aquarium_b, minmay_shallow_snake_nest
D:2:      lemuel_doored_altar, first_bread, uniq_natasha,
          uniq_crazy_yiuf_cottage
D:3:      lemuel_crystal_altar, uniq_grinder, uniq_sigmund

Skill      XL: |  1  2  3  4  5 |
---------------+----------------+-----
Stealth        | 5 6 7 9 |  9.0
Fighting       | 1 |  1.0
Hexes          | 5 |  5.0
Short Blades   | 2 |  2.1
Dodging        | |  2.1
Spellcasting   | |  2.0

Action                   |  1- 3 |  4- 6 || total
-------------------------+-------+-------++-------
Melee: Dagger            |   100 |    74 ||   174
       Bite              |     5 |     6 ||    11
 Cast: Ensorcelled Hiber |    11 |    10 ||    21
       Confuse           |       |     4 ||     4
  Use: Scroll            |     5 |     2 ||     7
       Potion            |       |     4 ||     4
 Stab: Sleeping          |    15 |    11 ||    26
       Confused          |       |     2 ||     2
Armor: Robe              |    26 |    23 ||    49
Dodge: Dodged            |    56 |    49 ||   105
